 Dungeon Crawl Stone Soup version 0.30-a0-439-g9e77e4d916 (webtiles) character file.

Game seed: 5596222702412846737

142 McMuffin the Poker (level 5, -7/37 HPs)
             Began as a Demonspawn Wanderer on Dec 10, 2022.
             Was an Initiate of Gozag.
             Killed by divine providence
             ... invoked by an orc priest
              (13 damage)
             ... on level 3 of the Dungeon.
             The game lasted 00:18:25 (2281 turns).

McMuffin the Poker (Demonspawn Wanderer)            Turns: 2281, Time: 00:18:26

Health: -7/37      AC:  9    Str:  8    XL:     5   Next: 3%
Magic:  7/7        EV: 11    Int: 21    God:    Gozag
Gold:   348        SH:  0    Dex: 16    Spells: 6/7 levels left

rFire   . . .      SeeInvis .    q - +4 dagger "Morg" {pain, Will+ Int+5}
rCold   . . .      Faith    .    (no shield)
rNeg    . . .      Spirit   .    i - +0 leather armour
rPois   .          Reflect  .    p - +0 helmet
rElec   .          Harm     .    (no cloak)
rCorr   .          Rampage  .    k - +1 pair of gloves
Will    +....                    t - +0 pair of boots
Stlth   +.........               (no amulet)
HPRegen 0.26/turn                (no ring)
MPRegen 0.10/turn                (no ring)

@: gold aura
A: icy blue scales 1, ignite blood 1, powered by death 1, weakness stinger 1
a: Renounce Religion, Potion Petition, Call Merchant, Bribe Branch


You were on level 3 of the Dungeon.
You worshipped Gozag.
Gozag was aware of your devotion.
You visited 1 branch of the dungeon, and saw 3 of its levels.

You collected 348 gold pieces.

Inventory:

Hand Weapons
 a - a +0 trident
 m - a +0 short sword
 n - a +0 rapier
 q - the +4 dagger "Morg" (weapon) {pain, Will+ Int+5}
   (You found it on level 2 of the Dungeon)

   In the hands of one skilled in necromantic magic, it inflicts extra damage on
   living creatures.
   Int:       It affects your intelligence (+5).
   Will:      It increases your willpower.
Missiles
 e - 4 boomerangs
 h - 8 poisoned darts
Armour
 d - a +0 robe
 i - a +0 leather armour (worn)
 k - a +1 pair of gloves (worn)
 p - a +0 helmet (worn)
 t - a +0 pair of boots (worn)
Scrolls
 c - a scroll of fear
 f - 5 scrolls of identify {unknown}
 j - a scroll of enchant armour {unknown}
 l - a scroll of butterflies {unknown}
 s - a scroll of blinking {unknown}
 u - a scroll of enchant weapon {unknown}
Potions
 g - 2 potions of haste {unknown}
 o - 3 potions of flight {unknown}
 r - 2 potions of attraction {unknown}
Miscellaneous
 b - a piece from Xom's chessboard (15/15)


   Skills:
 + Level 1.3 Fighting
 + Level 1.0 Short Blades
 - Level 4.3 Polearms
 + Level 1.4 Armour
 + Level 1.3 Dodging
 - Level 0.1 Stealth
 + Level 1.8 Spellcasting
 + Level 3.0 Summonings
 + Level 1.0 Evocations


You had 6 spell levels left.
You knew the following spells:

 Your Spells              Type           Power      Damage    Failure   Level
a - Summon Small Mammal   Summ           56%        N/A       6%          1

Your spell library contained the following spells:

 Spells                   Type           Power      Damage    Failure   Level
 Call Canine Familiar     Summ           14%        N/A       19%         3
 Cigotuvi's Dreadful Rot  Necr/Pois/Air  2%         N/A       32%         2
 Gell's Gravitas          Tloc           1%         N/A       54%         3
 Lesser Beckoning         Tloc           2%         N/A       54%         3
 Teleport Other           Tloc           1%         N/A       54%         3
 Summon Lightning Spire   Summ/Air       8%         N/A       75%         4
 Dispel Undead            Necr           1%         3d6       91%         4
 Death Channel            Necr           0%         N/A       100%        6
 Storm Form               Tmut/Air       0%         N/A       100%        7
 Maxwell's Capacitive Co  Air            0%         ∞         100%        8


Dungeon Overview and Level Annotations

Branches:
Dungeon (3/15)

Altars:
Gozag
Yredelemnul

Shops:
D:1 *   D:2 =


Innate Abilities, Weirdness & Mutations

You are partially covered in icy blue scales. (AC +2)
Your demonic aura sometimes causes spilled blood to erupt in flames.
You regenerate a little health from kills.
You have a small tail.


Message History

You have reached level 5!
Your demonic ancestry asserts itself...
You grow a small tail.
The orc priest completely misses you. Something hits you but does no damage.
There is a stone staircase leading up, spattered with blood here.
Things that are here:
6 gold pieces; a +0 short sword You closely miss something.
The orc priest hits you with a +2 mace of protection.
Something hits you but does no damage.
You miss something.
The orc priest hits you with a +2 mace of protection!
Something hits you but does no damage.
You hit something.
The orc priest hits you with a +2 mace of protection!
* * * LOW HITPOINT WARNING * * *
Something hits you but does no damage.
You barely miss something.
The orc priest hits you but does no damage.
Something hits you but does no damage.
You closely miss something. You tail-slap something.
The orc priest closely misses you. Something hits you but does no damage.
You closely miss something.
Your tail-slap misses something.
The orc priest closely misses you. Something hits you but does no damage.
You closely miss something. The orc priest closely misses you.
Something hits you.
* * * LOW HITPOINT WARNING * * *
You closely miss something.
The orc priest calls down the wrath of Beogh upon you.
You resist with some effort. Something hits you.
* * * LOW HITPOINT WARNING * * *
You hit something.
The orc priest hits you with a +2 mace of protection.
* * * LOW HITPOINT WARNING * * *
Something hits you but does no damage.
You hit something.
The orc priest calls down the wrath of Beogh upon you.
Beogh smites you!
You die...
Your body crumbles into a pile of gold.

###.........####...#.#
#.<.....# ##.##.#
##....#### ####.#
##..##.$$# #.#
##'#.8.8.### #.#
#.#_$o..'.# #.#
#.#$8$8.#.# #.#
##.##$$$##o####.#
##...#####.{@....#
#..).....#########
######...##.##
............#
#############


You could see an orc priest.

Vanquished Creatures
  An orc priest (D:3)
  Natasha (thrice) (D:1)
  An adder skeleton (D:2)
  A dart slug (D:2)
  An adder simulacrum (D:2)
  2 endoplasms (D:1)
  2 giant cockroaches (D:2)
  A hobgoblin (D:1)
  A quokka (D:2)
  A ball python (D:1)
  2 frilled lizards
  A kobold (D:1)
  A quokka skeleton (D:2)
  5 rats
23 creatures vanquished.

Vanquished Creatures (collateral kills)
  A worm (D:2)
  A dart slug (D:1)
  A bat (D:2)
  A bat zombie (D:2)
  A ball python skeleton (D:2)
  A frilled lizard (D:1)
  A quokka skeleton (D:2)
  2 rats
9 creatures vanquished.

Vanquished Creatures (others)
  16 withered plants (D:2)
16 creatures vanquished.

Grand Total: 48 creatures vanquished

Notes
Turn   | Place    | Note
-------+----------+-------------------------------------------
     0 | D:1      | McMuffin the Demonspawn Wanderer began the quest for the
                  | Orb.
     0 | D:1      | McMuffin set off with the following items: a +0 trident, a
                  | piece from Xom's chessboard (15/15), a scroll of fear, a +0
                  | robe; and the following spell memorised: Summon Small
                  | Mammal; and the following spells available to memorise:
                  | Call Canine Familiar.
     0 | D:1      | Reached XP level 1. HP: 15/15 MP: 2/2
   236 | D:1      | Found a faded altar of an unknown god.
   250 | D:1      | Prayed at the altar of an unknown god.
   250 | D:1      | Became a worshipper of Gozag Ym Sagoz the Greedy
   338 | D:1      | Found Weg Leno's Assorted Antiques.
   487 | D:1      | Reached skill level 4 in Polearms
   487 | D:1      | Gained mutation: Your demonic aura sometimes causes spilled
                  | blood to erupt in flames. [demonic ancestry]
   487 | D:1      | Reached XP level 2. HP: 21/21 MP: 0/3
   810 | D:2      | Found a basalt altar of Yredelemnul.
  1138 | D:2      | Noticed Natasha
  1153 | D:2      | Noticed a crimson imp
  1155 | D:1      | Killed Natasha
  1156 | D:1      | Gained mutation: You are partially covered in icy blue
                  | scales. (AC +2) [demonic ancestry]
  1156 | D:1      | Reached XP level 3. HP: 20/26 MP: 2/4
  1206 | D:1      | Noticed Natasha
  1216 | D:1      | Killed Natasha
  1217 | D:1      | Reached skill level 1 in Armour
  1217 | D:1      | Gained mutation: You regenerate a little health from kills.
                  | [demonic ancestry]
  1217 | D:1      | Reached XP level 4. HP: 12/32 MP: 4/6
  1235 | D:1      | Noticed Natasha
  1243 | D:1      | Killed Natasha
  1360 | D:2      | Found the +4 dagger "Morg" {pain, Will+ Int+5}
  1400 | D:2      | Found Waddoga's Jewellery Boutique.
  2271 | D:3      | Reached skill level 1 in Short Blades
  2271 | D:3      | Gained mutation: You have a small tail. [demonic ancestry]
  2271 | D:3      | Reached XP level 5. HP: 26/37 MP: 7/7
  2281 | D:3      | Killed from afar by an orc priest

Illustrated notes

Levels and vault maps discovered:
D:1:      beargit_arrival_greenhouse, layout_basic,
          chequers_ecumenical_altar_island, serial_shops,
          nicolae_shop_advertising_works [nicolae_subvault_shop_adworks],
          nrook_loot_triangle
D:2:      layout_rooms, serial_shops, shop_statue, basic_altar,
          dilly_guarded_unrand_morg
D:3:      layout_loops_corners, kennysheep_orc_chapel

Skill      XL: |  1  2  3  4 |
---------------+-------------+-----
Polearms       | 4 |  4.3
Armour         | 1 |  1.4
Short Blades   | 1 |  1.0
Summonings     | 3 |  3.0
Fighting       | |  1.3
Dodging        | |  1.3
Stealth        | |  0.1
Spellcasting   | |  1.8
Evocations     | |  1.0

Action                   |  1- 3 |  4- 6 || total
-------------------------+-------+-------++-------
Melee: Trident           |    28 |       ||    28
       Rapier            |    17 |    13 ||    30
       Short sword       |     4 |       ||     4
       Dagger            |       |    34 ||    34
       Tailslap          |       |     1 ||     1
 Cast: Summon Small Mamm |    16 |    14 ||    30
 Stab: Sleeping          |     1 |       ||     1
       Distracted        |       |     1 ||     1
Armor: Leather armour    |    13 |    28 ||    41
Dodge: Dodged            |    23 |    24 ||    47

Table legend: (Time is in decaauts)
 A = Elapsed time spent in this place.
 B = Non-inter-level travel time spent in this place.
 C = Inter-level travel time spent in this place.
 D = Time resting spent in this place.
 E = Time spent auto-exploring this place.
 F = Levels seen in this place.
 G = Mean time per level.
                   A        B        C        D        E       F      G
               +--------+--------+--------+--------+--------+-----+--------+
         Total |   2299 |   2243 |     56 |    171 |      0 |   3 |  766.3 |
       Dungeon |   2299 |   2243 |     56 |    171 |      0 |   3 |  766.3 |
               +--------+--------+--------+--------+--------+-----+--------+

Top non-repeatable levels by time:
     D:1: 951 daAuts
     D:2: 736 daAuts
     D:3: 611 daAuts
